3A
MT. VERNON BULLS @ COLUMBIA RIVER RATS
08/29/2021
 
TOP OF THE 1ST
Mt. Vernon Bulls batting - Pitching for Columbia River Rats : RHP Manny Pérez
Pitching: RHP Manny Pérez
Batting: RHB Franklin Gestel 0-0: Swinging Strike
0-1: Foul Ball, location: 2F
0-2: Ball
1-2: Ball
2-2: Ball
3-2: Foul Ball, location: 2F
3-2: Strikes out swinging
Batting: LHB Raúl Trevino 0-0: Fly out, F7 (Flyball, 7M)
Batting: RHB Habbo Allaart 0-0: Called Strike
0-1: Foul Ball, location: 2F
0-2: Ball
1-2: Strikes out swinging
Top of the 1st over - 0 run(s), 0 hit(s), 0 error(s), 0 left on base; Mt. Vernon 0 - Columbia 0
BOTTOM OF THE 1ST
Columbia River Rats batting - Pitching for Mt. Vernon Bulls : LHP José Martínez
Pitching: LHP José Martínez
Batting: LHB Floyd Long 0-0: Called Strike
0-1: Foul Ball, location: 2F
0-2: Strikes out looking
Batting: RHB Bryce Bancroft 0-0: Foul Ball, location: 2F
0-1: Ball
1-1: DOUBLE (Line Drive, 7LM)
Batting: RHB Armando González 0-0: Called Strike
0-1: Ball
1-1: Foul Ball, location: 2F
1-2: Ball
2-2: Foul Ball, location: 2F
2-2: Reached on error, E6 (Groundball, 6M)
Bryce Bancroft to third
Batting: LHB Robert Adams 0-0: Fly out, F9 (Flyball, 9M)
Runner from 3rd tags up, SCORES, throw made
Batting: RHB Jan Gosselin 0-0: Called Strike
0-1: Fly out, F9 (Popup, 9S)
Bottom of the 1st over - 1 run(s), 1 hit(s), 1 error(s), 1 left on base; Mt. Vernon 0 - Columbia 1
TOP OF THE 2ND
Mt. Vernon Bulls batting - Pitching for Columbia River Rats : RHP Manny Pérez
Batting: RHB Alfredo Mojica 0-0: Called Strike
0-1: Ball
1-1: Ball
2-1: Fly out, F8 (Flyball, 8LS)
Batting: RHB Jim Unknown 0-0: Foul Ball, location: 2F
0-1: Ball
1-1: Ball
2-1: Ground out 6-3 (Groundball, 6)
Batting: RHB Jim Unknown 0-0: Called Strike
0-1: Swinging Strike
0-2: Strikes out swinging
Top of the 2nd over - 0 run(s), 0 hit(s), 0 error(s), 0 left on base; Mt. Vernon 0 - Columbia 1
BOTTOM OF THE 2ND
Columbia River Rats batting - Pitching for Mt. Vernon Bulls : LHP José Martínez
Batting: RHB Fernando Silva 0-0: Swinging Strike
0-1: Ball
1-1: Foul Ball, location: 2F
1-2: Ball
2-2: Fly out, F8 (Flyball, 8LXD)
Batting: SHB Jorge González 0-0: Ball
1-0: Swinging Strike
1-1: Fly out, F9 (Popup, 89S)
Batting: RHB Eduardo Checchinato 0-0: Called Strike
0-1: Foul Ball, location: 2F
0-2: Foul Ball, location: 2F
0-2: Ball
1-2: Ball
2-2: Strikes out swinging
Bottom of the 2nd over - 0 run(s), 0 hit(s), 0 error(s), 0 left on base; Mt. Vernon 0 - Columbia 1
TOP OF THE 3RD
Mt. Vernon Bulls batting - Pitching for Columbia River Rats : RHP Manny Pérez
Batting: SHB Jim Unknown 0-0: Ball
1-0: Ground out 1-3 (Groundball, 13S)
Batting: RHB Jim Unknown 0-0: Called Strike
0-1: Ball
1-1: Foul Ball, location: 2F
1-2: Foul Ball, location: 2F
1-2: Foul Ball, location: 2F
1-2: Ground out 3-1 (Groundball, 34)
Batting: RHB Jim Unknown 0-0: Called Strike
0-1: Ball
1-1: Called Strike
1-2: Strikes out swinging
Top of the 3rd over - 0 run(s), 0 hit(s), 0 error(s), 0 left on base; Mt. Vernon 0 - Columbia 1
BOTTOM OF THE 3RD
Columbia River Rats batting - Pitching for Mt. Vernon Bulls : LHP José Martínez
Batting: RHB Thomas Morris 0-0: Ball
1-0: Ball
2-0: Ball
3-0: Called Strike
3-1: Base on Balls
Batting: LHB Floyd Long 0-0: 2-RUN HOME RUN (Flyball, 8RXD), Distance : 435 ft
Batting: RHB Bryce Bancroft 0-0: Ball
1-0: Ball
2-0: Ball
3-0: SINGLE (Groundball, 56D)
Batting: RHB Armando González 0-0: Ball
1-0: Foul Ball, location: 2F
1-1: Ball
2-1: Ball
3-1: SINGLE (Line Drive, 7S)
Bryce Bancroft to second
Batting: LHB Robert Adams 0-0: Fly out, F9 (Flyball, 89M)
Batting: RHB Jan Gosselin 0-0: Ball
1-0: Foul Ball, location: 2F
1-1: Grounds into double play, 1-6-3 (Groundball, 15S)
Bottom of the 3rd over - 2 run(s), 3 hit(s), 0 error(s), 1 left on base; Mt. Vernon 0 - Columbia 3
TOP OF THE 4TH
Mt. Vernon Bulls batting - Pitching for Columbia River Rats : RHP Manny Pérez
Batting: RHB Franklin Gestel 0-0: Foul Ball, location: 2F
0-1: Foul Ball, location: 2F
0-2: Ball
1-2: Strikes out looking
Batting: LHB Raúl Trevino 0-0: Foul Ball, location: 2F
0-1: Foul Ball, location: 2F
0-2: Fly out, F8 (Flyball, 8RM)
Batting: RHB Habbo Allaart 0-0: Ball
1-0: Ball
2-0: Called Strike
2-1: Foul Ball, location: 2F
2-2: Ball
3-2: SINGLE (Groundball, 6MD)
Batting: RHB Alfredo Mojica 0-0: Ball
Habbo Allaart is caught stealing 2nd base
Top of the 4th over - 0 run(s), 1 hit(s), 0 error(s), 0 left on base; Mt. Vernon 0 - Columbia 3
BOTTOM OF THE 4TH
Columbia River Rats batting - Pitching for Mt. Vernon Bulls : LHP José Martínez
Batting: RHB Fernando Silva 0-0: Ball
1-0: Called Strike
1-1: Fly out, F4 (Popup, 4D)
Batting: SHB Jorge González 0-0: Called Strike
0-1: Swinging Strike
0-2: Foul Ball, location: 2F
0-2: SINGLE (Popup, 34D)
Batting: RHB Eduardo Checchinato 0-0: Ball
1-0: Ball
2-0: Ball
3-0: Called Strike
3-1: SINGLE (Groundball, 6M)
Jorge González to second
Batting: RHB Thomas Morris 0-0: Ball
1-0: Ball
2-0: Swinging Strike
2-1: Ball
3-1: Foul Ball, location: 2F
3-2: Foul Ball, location: 2F
3-2: SINGLE (Line Drive, 34D)
Jorge González to third
Eduardo Checchinato to second
Throwing error, E9
Jorge González scores
Eduardo Checchinato to third
Thomas Morris to second
Batting: LHB Floyd Long 0-0: Ball
1-0: Called Strike
1-1: Called Strike
1-2: Fly out, F4 (Line Drive, 4MD)
1-2: Lined into DP, U4 (Line Drive, 4MD)
Bottom of the 4th over - 1 run(s), 3 hit(s), 1 error(s), 1 left on base; Mt. Vernon 0 - Columbia 4
TOP OF THE 5TH
Mt. Vernon Bulls batting - Pitching for Columbia River Rats : RHP Manny Pérez
Batting: RHB Alfredo Mojica 0-0: Ball
1-0: Foul Ball, location: 2F
1-1: SINGLE (Groundball, 56D)
Batting: RHB Jim Unknown 0-0: Called Strike
0-1: Swinging Strike
0-2: Ball
1-2: Strikes out swinging
Batting: RHB Jim Unknown 0-0: Ball
1-0: Ball
2-0: Called Strike
2-1: Grounds into double play, 6-4-3 (Groundball, 6)
Top of the 5th over - 0 run(s), 1 hit(s), 0 error(s), 0 left on base; Mt. Vernon 0 - Columbia 4
BOTTOM OF THE 5TH
Columbia River Rats batting - Pitching for Mt. Vernon Bulls : LHP José Martínez
Batting: RHB Bryce Bancroft 0-0: Ball
1-0: Foul Ball, location: 2F
1-1: Ball
2-1: Ground out 4-3 (Groundball, 34)
Batting: RHB Armando González 0-0: Called Strike
0-1: Ball
1-1: Called Strike
1-2: Ball
2-2: SINGLE (Groundball, 6D)
Batting: LHB Robert Adams 0-0: Foul Ball, location: 2F
0-1: Ball
1-1: Ball
2-1: Swinging Strike
2-2: Ball
3-2: Fielders Choice at 2nd, 3-6 (Groundball, 34)
Batting: RHB Jan Gosselin 0-0: Foul Ball, location: 2F
0-1: Called Strike
0-2: Ball
1-2: Ground out 5-3 (Groundball, 56S)
Bottom of the 5th over - 0 run(s), 1 hit(s), 0 error(s), 1 left on base; Mt. Vernon 0 - Columbia 4
TOP OF THE 6TH
Mt. Vernon Bulls batting - Pitching for Columbia River Rats : RHP Manny Pérez
Batting: SHB Jim Unknown 0-0: Ball
1-0: Fly out, F8 (Flyball, 8RD)
Batting: RHB Jim Unknown 0-0: Called Strike
0-1: Called Strike
0-2: Ball
1-2: Foul Ball, location: 2F
1-2: Foul Ball, location: 2F
1-2: Ball
2-2: DOUBLE (Line Drive, 89M)
Batting: RHB Jim Unknown 0-0: Ball
1-0: Ball
2-0: Called Strike
2-1: Ball
3-1: Base on Balls
Batting: RHB Franklin Gestel 0-0: Foul Ball, location: 2F
0-1: Ball
1-1: Ball
2-1: Foul Ball, location: 2F
2-2: Ball
3-2: Strikes out swinging
Batting: LHB Raúl Trevino 0-0: Called Strike
0-1: Fly out, F7 (Flyball, 7M)
Top of the 6th over - 0 run(s), 1 hit(s), 0 error(s), 2 left on base; Mt. Vernon 0 - Columbia 4
BOTTOM OF THE 6TH
Columbia River Rats batting - Pitching for Mt. Vernon Bulls : LHP José Martínez
Batting: RHB Fernando Silva 0-0: Foul Ball, location: 2F
0-1: Ball
1-1: Swinging Strike
1-2: Ball
2-2: Ball
3-2: Foul Ball, location: 2F
3-2: Base on Balls
Batting: SHB Jorge González 0-0: Ball
1-0: Sac Bunt - play at second, runner OUT -> throw to first, DP!
Batting: RHB Eduardo Checchinato 0-0: Foul Ball, location: 2F
0-1: Swinging Strike
0-2: Ball
1-2: Ball
2-2: Ball
3-2: Base on Balls
Batting: RHB Thomas Morris 0-0: Ball
1-0: Ground out 5-3 (Groundball, 5L)
Bottom of the 6th over - 0 run(s), 0 hit(s), 0 error(s), 1 left on base; Mt. Vernon 0 - Columbia 4
TOP OF THE 7TH
Mt. Vernon Bulls batting - Pitching for Columbia River Rats : RHP Manny Pérez
Batting: RHB Habbo Allaart 0-0: Foul Ball, location: 2F
0-1: Foul Ball, location: 2F
0-2: Ball
1-2: Foul Ball, location: 2F
1-2: Fly out, F9 (Line Drive, 9M)
Batting: RHB Alfredo Mojica 0-0: Ball
1-0: Foul Ball, location: 2F
1-1: SINGLE (Groundball, 56D) (infield hit)
Batting: RHB Jim Unknown 0-0: Ball
Passed Ball!
Alfredo Mojica to second
1-0: Swinging Strike
1-1: Foul Ball, location: 2F
1-2: Strikes out swinging
Batting: RHB Jim Unknown 0-0: Called Strike
0-1: Foul Ball, location: 2F
0-2: Strikes out looking
Top of the 7th over - 0 run(s), 1 hit(s), 0 error(s), 1 left on base; Mt. Vernon 0 - Columbia 4
BOTTOM OF THE 7TH
Columbia River Rats batting - Pitching for Mt. Vernon Bulls : LHP José Martínez
Batting: LHB Floyd Long 0-0: Ground out 4-3 (Groundball, 4M)
Batting: RHB Bryce Bancroft 0-0: Ground out 5-3 (Groundball, 6)
Batting: RHB Armando González 0-0: Ball
1-0: Swinging Strike
1-1: Foul Ball, location: 2F
1-2: Fly out, F7 (Flyball, 78S)
Bottom of the 7th over - 0 run(s), 0 hit(s), 0 error(s), 0 left on base; Mt. Vernon 0 - Columbia 4
TOP OF THE 8TH
Mt. Vernon Bulls batting - Pitching for Columbia River Rats : RHP Manny Pérez
Batting: SHB Jim Unknown 0-0: Ball
1-0: Foul Ball, location: 2F
1-1: Fly out, F1 (Line Drive, 13)
Batting: RHB Jim Unknown 0-0: Called Strike
0-1: Foul Ball, location: 2F
0-2: Strikes out swinging
Batting: RHB Jim Unknown 0-0: Called Strike
0-1: Ball
1-1: Called Strike
1-2: Foul Ball, location: 2F
1-2: Ball
2-2: Ground out 4-3 (Groundball, 13)
Top of the 8th over - 0 run(s), 0 hit(s), 0 error(s), 0 left on base; Mt. Vernon 0 - Columbia 4
BOTTOM OF THE 8TH
Columbia River Rats batting - Pitching for Mt. Vernon Bulls : LHP José Martínez
Batting: LHB Robert Adams 0-0: Ball
1-0: Called Strike
1-1: Swinging Strike
1-2: Strikes out looking
Batting: RHB Jan Gosselin 0-0: Ball
1-0: Ball
2-0: SINGLE (Line Drive, 34D)
Batting: RHB Fernando Silva 0-0: Hit by Pitch
Jan Gosselin to second
Batting: SHB Jorge González 0-0: Ball
1-0: Called Strike
1-1: Called Strike
1-2: Ball
2-2: Fly out, F4 (Popup, 4D)
Batting: RHB Eduardo Checchinato 0-0: Ball
1-0: Ground out 4-3 (Groundball, 4)
Bottom of the 8th over - 0 run(s), 1 hit(s), 0 error(s), 2 left on base; Mt. Vernon 0 - Columbia 4
TOP OF THE 9TH
Mt. Vernon Bulls batting - Pitching for Columbia River Rats : RHP Manny Pérez
Batting: RHB Franklin Gestel 0-0: Called Strike
0-1: Foul Ball, location: 2F
0-2: Ball
1-2: Ball
2-2: Ball
3-2: Strikes out swinging
Batting: LHB Raúl Trevino 0-0: Foul Ball, location: 2F
0-1: Ground out 6-3 (Groundball, 6)
Batting: RHB Habbo Allaart 0-0: Fly out, F3 (Popup, 3F)
Top of the 9th over - 0 run(s), 0 hit(s), 0 error(s), 0 left on base; Mt. Vernon 0 - Columbia 4
This league is powered by Out of the Park Baseball, the baseball management simulation game for PC, Mac and Linux
Friday, January 22nd, 2016 - OOTP Baseball 16.9 Build 39